 Dungeon Crawl Stone Soup version 0.24.0-1-gfbc8707122 (webtiles) character file.

Game seed: 3378022256289243734, levelgen mode: deterministic

49061 mopl the Severer (level 14, -10/124 HPs)
             Began as a Minotaur Berserker on Oct 27, 2019.
             Was an Elder of Trog.
             Mangled by a death yak (17 damage)
             ... on level 6 of the Lair of Beasts.
             The game lasted 00:33:41 (15279 turns).

mopl the Severer (Minotaur Berserker)              Turns: 15279, Time: 00:33:41

Health: -10/124    AC: 17    Str: 23    XL:     14   Next: 14%
Magic:  19/19      EV: 15    Int:  4    God:    Trog [****..]
Gold:   1230       SH:  0    Dex: 14    Spells: 13/13 levels left

rFire    + . .     SeeInvis .   a - +1 war axe (elec)
rCold    . . .     Gourm    +   (no shield)
rNeg     . . .     Faith    .   S - +0 plate armour
rPois    +         Spirit   .   (helmet restricted)
rElec    .         Reflect  .   w - +0 cloak {rPois}
rCorr    .         Harm     .   H - +0 pair of gloves
MR       +++..                  (no boots)
Stlth    ..........             r - amulet of the gourmand
HPRegen  1.30/turn              f - +3 ring of evasion
MPRegen  0.16/turn              A - ring of protection from fire

@: regenerating
A: retaliatory headbutt, horns 2
a: Berserk, Trog's Hand, Brothers in Arms, Renounce Religion


You were on level 6 of the Lair of Beasts.
You worshipped Trog.
Trog was greatly pleased with you.
You were very full.

You visited 2 branches of the dungeon, and saw 19 of its levels.
You also visited: Sewer and Ice Cave.

You collected 1230 gold pieces.

Inventory:

Hand Weapons
 a - a +1 war axe of electrocution (weapon)
 N - a +2 battleaxe of venom
 Y - a +4 antimagic broad axe
Missiles
 g - 131 poisoned darts
 m - 20 boomerangs (quivered)
 t - 8 curare-tipped darts
 J - 6 atropa-tipped darts
 U - 4 javelins
 X - 2 throwing nets
Armour
 w - a +0 cloak of poison resistance (worn)
 H - a +0 pair of gloves (worn)
 K - a +2 chain mail of poison resistance
 S - a +0 plate armour (worn)
Jewellery
 f - a +3 ring of evasion (left hand)
 r - an amulet of the gourmand (around neck)
 A - a ring of protection from fire (right hand)
 R - an uncursed ring of see invisible
Wands
 y - a wand of enslavement (10)
 z - a wand of disintegration (39)
 F - a wand of scattershot (19)
 P - a wand of paralysis (9)
 Q - a wand of iceblast (37)
 T - a wand of flame (46)
 W - a wand of polymorph (8)
Scrolls
 b - 5 scrolls of immolation {unknown}
 i - 4 scrolls of enchant armour {unknown}
 j - 13 scrolls of identify
 k - 11 scrolls of remove curse {unknown}
 l - 9 scrolls of teleportation
 n - 5 scrolls of fear {unknown}
 x - 5 scrolls of amnesia {unknown}
 G - a scroll of random uselessness {unknown}
 O - 4 scrolls of magic mapping {unknown}
Potions
 d - 6 potions of heal wounds {unknown}
 e - 11 potions of curing {unknown}
 h - 5 potions of brilliance {unknown}
 p - a potion of magic {unknown}
 q - 3 potions of might {unknown}
 s - 8 potions of lignification {unknown}
 u - a potion of mutation {unknown}
 v - 3 potions of degeneration {unknown}
 C - 3 potions of agility {unknown}
 D - a potion of haste {unknown}
 E - 3 potions of flight {unknown}
Miscellaneous
 I - a sack of spiders
 Z - a box of beasts
Comestibles
 c - 36 rations
 B - 8 chunks of flesh


   Skills:
 + Level 11.1 Fighting
 + Level 17.5 Axes
 + Level 8.8 Throwing
 + Level 10.8 Armour
 + Level 10.1 Dodging
 + Level 8.2 Evocations


You had 13 spell levels left.
You didn't know any spells.
Your spell library was empty.

Dungeon Overview and Level Annotations

Branches:
Dungeon (13/15)            Temple (0/1) D:6            Lair (5/6) D:9
 Shoals (0/4) Lair:4        Snake (0/4) Lair:2          Orc (0/2) D:10
  Sewer (visited)           IceCv (visited)
  Slime: Lair:5-6    Vaults: D:13-14

Altars:
Nemelex Xobeh
Okawaru
Wu Jian
Xom

Shops:
D:8 =

Annotations:
D:11 dig


Innate Abilities, Weirdness & Mutations

You reflexively headbutt those who attack you in melee.
You have a pair of horns on your head.


Message History

It is a scroll of identify.
l - 9 scrolls of teleportation Your two-headed ogre hits the catoblepas with a +0 giant club. x2
The blink frog blinks!
The water moccasin bites you but does no damage.
The dream sheep shake their wool and sparkle.
You feel drowsy...
You fall asleep.
The catoblepas gores your two-headed ogre!!
Your two-headed ogre hits the catoblepas with a +0 giant club.
Your two-headed ogre hits the catoblepas with a +0 giant club!
The water moccasin bites you!
You wake up.
* * * LOW HITPOINT WARNING * * *
The death yak closely misses you.
The catoblepas barely misses your two-headed ogre.
A yak comes into view.
Your two-headed ogre hits the catoblepas with a +0 giant club!!
Your two-headed ogre hits the catoblepas with a +0 giant club!
The water moccasin bites you but does no damage.
The death yak gores you!
You die...

.....#.....###
#...#.#YYFFS#.##
#..# #YYY#.#††.##
##.Y.#YF.#.Y.r†..#
#..H#Y#YY.Y.#...##
#.....Y#.....÷.D##
#..YYt#Y..#.#.#..#
#..YY#.#r#.#r#.#.#
#..@#t.YF.#...#r##
#...S#.#.#.#†#.###
#.....#Y.Y..#.#r.#
#....#†#.#..r#†###
#...#.#OY.#.#.#Y#
#......PY####.Y.#
#............D...#
#.............#.##
#################


You could see 6 death yaks, a catoblepas, a manticore, 8 yaks, a spiny frog, a
blink frog, a water moccasin, a crocodile, 2 dream sheep and a friendly
two-headed ogre (berserk).

Vanquished Creatures
  Rupert (Lair:4)
  5 hydras
  2 centaur warriors (D:13)
  2 two-headed ogres
  A catoblepas (Lair:6)
  A dancing weapon (D:8)
  The ghost of Hicwag the Blocker, a journeyman GrFi of Uskayaw (D:10)
  4 death yaks
  The ghost of TheWoodenMan the Fighter, a novice FoFi of Uskayaw (D:8)
  A wolf spider zombie (D:13)
  A necromancer (IceCv)
  A deep elf mage (D:13)
  A manticore (D:12)
  An ugly thing (D:13)
  An oklob plant (Lair:3)
  2 cyclopes
  A merfolk siren (Lair:4)
  An elephant (Lair:1)
  3 ice statues (IceCv)
  A centaur zombie (D:12)
  3 black mambas
  3 spiny frogs
  3 komodo dragons
  9 ice devils
  A troll (D:13)
  3 hornets
  A polar bear (Lair:3)
  6 hippogriffs
  24 slime creatures
  14 blink frogs
  A shadow (D:12)
  3 spriggans (Lair:1)
  A wyvern (D:13)
  22 yaks
  2 basilisks
  A naga (Lair:2)
  5 water moccasins
  7 porcupines
  5 orc warriors
  A black bear (D:10)
  6 ice beasts
  8 ogres
  17 wolves
  5 phantoms
  10 centaurs
  9 crocodiles
  5 big kobolds
  2 wyvern zombies
  7 bullfrogs
  A water moccasin zombie (D:5)
  3 scorpions
  5 killer bees
  2 electric eels (D:11)
  2 howler monkeys
  4 wights (D:9)
  4 crimson imps
  A draconian simulacrum (IceCv)
  6 jellies
  5 orc priests
  A bullfrog zombie (D:12)
  2 centaur skeletons
  5 hounds
  7 orc wizards
  2 iguanas
  5 worker ants
  2 hell rats (Lair:6)
  A spriggan simulacrum (IceCv)
  3 troll simulacra (IceCv)
  A killer bee zombie (D:8)
  2 centaur simulacra (IceCv)
  2 hound zombies
  11 adders
  2 naga simulacra (IceCv)
  An ogre simulacrum (IceCv)
  A river rat (Sewer)
  2 shadow imps
  An ooze (D:3)
  3 adder zombies
  2 adder skeletons
  7 worms
  4 dart slugs
  5 leopard geckos
  39 orcs
  8 giant cockroaches
  7 goblins
  4 hobgoblins
  9 jackals
  8 quokkas
  4 ball pythons
  9 bats (D:1)
  4 frilled lizards
  27 kobolds
  A leopard gecko zombie (D:5)
  2 quokka skeletons (D:5)
  7 rats
  2 plants (Lair:3)
452 creatures vanquished.

Vanquished Creatures (collateral kills)
  A hydra (Lair:6)
  4 death yaks
  A tengu warrior (D:13)
  3 spiny frogs
  A komodo dragon (Lair:6)
  A wyvern simulacrum (D:10)
  A hell rat (Lair:6)
  A bullfrog simulacrum (D:10)
  A white imp (D:10)
14 creatures vanquished.

Vanquished Creatures (others)
  A porcupine (Lair:5)
  2 fungi
  4 plants
7 creatures vanquished.

Grand Total: 473 creatures vanquished

Notes
Turn   | Place    | Note
-------+----------+-------------------------------------------
     0 | D:1      | mopl the Minotaur Berserker began the quest for the Orb.
     0 | D:1      | Reached XP level 1. HP: 19/19 MP: 0/0
    63 | D:1      | Reached skill level 4 in Axes
    66 | D:1      | Reached XP level 2. HP: 23/26 MP: 1/1
   259 | D:1      | Reached skill level 5 in Axes
   438 | D:2      | Reached XP level 3. HP: 31/31 MP: 2/2
   855 | D:2      | You fall into a shaft and drop 1 floor!
   865 | D:3      | Reached ** piety under Trog
  1140 | D:3      | Reached skill level 6 in Axes
  1140 | D:3      | Reached XP level 4. HP: 38/39 MP: 3/3
  1485 | D:3      | Found a sparkling altar of Nemelex Xobeh.
  1617 | D:4      | Reached skill level 7 in Axes
  1617 | D:4      | Reached XP level 5. HP: 45/45 MP: 4/4
  1747 | D:4      | Noticed a phantom
  1765 | D:4      | Killed a phantom
  1765 | D:4      | Reached skill level 8 in Axes
  1765 | D:4      | Reached XP level 6. HP: 32/51 MP: 5/5
  1967 | D:4      | Found an iron altar of Okawaru.
  1976 | D:4      | Reached skill level 9 in Axes
  2027 | D:4      | Reached *** piety under Trog
  2122 | D:4      | Reached XP level 7. HP: 49/57 MP: 6/6
  2217 | D:5      | Entered Level 5 of the Dungeon
  2248 | D:5      | Reached skill level 10 in Axes
  2477 | D:5      | Reached skill level 11 in Axes
  2606 | D:5      | Found a glowing drain.
  2621 | Sewer    | Entered a sewer
  2736 | Sewer    | Reached XP level 8. HP: 45/64 MP: 7/7
  2784 | Sewer    | Found a white marble altar of Elyvilon.
  3472 | D:6      | Reached skill level 12 in Axes
  3554 | D:6      | Found a staircase to the Ecumenical Temple.
  4034 | D:7      | Reached skill level 13 in Axes
  4076 | D:7      | HP: 2/64 [ogre/+0 giant club (27)]
  4366 | D:7      | Reached XP level 9. HP: 65/70 MP: 8/8
  4593 | D:7      | Reached **** piety under Trog
  4593 | D:7      | Reached skill level 14 in Axes
  5415 | D:8      | Found a shimmering altar of Xom.
  5415 | D:8      | Found an ornate altar of the Wu Jian Council.
  5536 | D:8      | Found a runed translucent door.
  5536 | D:8      | Found a shimmering altar of Xom.
  5536 | D:8      | Noticed TheWoodenMan's ghost (novice FoFi)
  5536 | D:8      | Noticed a +1 dagger of chaos
  5550 | D:8      | Killed a +1 dagger of chaos
  5550 | D:8      | Reached skill level 15 in Axes
  5550 | D:8      | Reached skill level 1 in Evocations
  5557 | D:8      | Killed TheWoodenMan's ghost
  5557 | D:8      | Reached XP level 10. HP: 80/80 MP: 10/10
  5594 | D:8      | Found Suemo's Jewellery Shoppe.
  5763 | D:9      | Received a gift from Trog
  5770 | D:9      | Reached skill level 5 in Fighting
  5774 | D:9      | Found a shimmering altar of Xom.
  5922 | D:9      | Reached ***** piety under Trog
  5987 | D:9      | Paralysed by a hornet for 3 turns
  6268 | D:9      | Found a staircase to the Lair.
  6345 | D:9      | Received a gift from Trog
  6511 | Lair:1   | Entered Level 1 of the Lair of Beasts
  6511 | Lair:1   | Noticed an elephant
  6527 | Lair:1   | Killed an elephant
  6527 | Lair:1   | Reached skill level 5 in Armour
  6797 | Lair:1   | Reached skill level 5 in Dodging
  6930 | Lair:1   | Reached XP level 11. HP: 91/91 MP: 12/12
  7151 | Lair:1   | Received a gift from Trog
  7265 | D:10     | Entered Level 10 of the Dungeon
  7316 | D:10     | Found a staircase to the Orcish Mines.
  7352 | D:10     | Found a runed translucent gate.
  7352 | D:10     | Found a runed translucent gate.
  7352 | D:10     | Found a runed translucent gate.
  7416 | D:10     | Noticed Hicwag's ghost (journeyman GrFi)
  8379 | D:10     | Killed Hicwag's ghost
  8386 | D:10     | Got the ring "Heloagg" {Fire}
  8391 | D:10     | Identified the ring "Heloagg" {Fire rPois Dex+3} (You found
                  | it on level 10 of the Dungeon)
  8433 | D:11     | Received a gift from Trog
  8966 | D:11     | Reached skill level 5 in Throwing
  9416 | D:12     | Reached skill level 16 in Axes
  9467 | D:12     | Noticed a four-headed hydra
  9475 | D:12     | Killed a seven-headed hydra
  9475 | D:12     | Reached skill level 5 in Evocations
  9545 | D:12     | Noticed a two-headed ogre
  9562 | D:12     | Paralysed by a hornet for 2 turns
  9719 | D:12     | Killed a two-headed ogre
  9912 | D:12     | Received a gift from Trog
  9912 | D:12     | Reached XP level 12. HP: 102/102 MP: 13/15
 10725 | D:13     | Noticed a centaur warrior
 10726 | D:13     | Noticed a two-headed ogre
 10729 | D:13     | Noticed a centaur warrior
 10734 | D:13     | Killed a centaur warrior
 10737 | D:13     | Killed a centaur warrior
 10739 | D:13     | Killed a two-headed ogre
 10746 | D:13     | Noticed a tengu warrior
 10760 | D:13     | Killed a tengu warrior
 11240 | Lair:2   | Reached XP level 13. HP: 106/112 MP: 17/17
 11368 | Lair:2   | Found a staircase to the Snake Pit.
 11380 | Lair:2   | Received a gift from Trog
 11927 | Lair:3   | Found a frozen archway.
 11938 | Lair:3   | Reached skill level 10 in Fighting
 11975 | IceCv    | Entered an ice cave
 12635 | IceCv    | Reached skill level 17 in Axes
 13896 | Lair:3   | Reached skill level 10 in Armour
 14617 | Lair:4   | Found a staircase to the Shoals.
 14713 | Lair:4   | Noticed Rupert
 14727 | Lair:4   | Killed Rupert
 15154 | Lair:5   | You fall into a shaft and drop 1 floor!
 15154 | Lair:6   | Entered Level 6 of the Lair of Beasts
 15252 | Lair:6   | Reached XP level 14. HP: 19/124 MP: 19/19
 15255 | Lair:6   | Reached skill level 10 in Dodging
 15265 | Lair:6   | HP: 4/124 [spiny frog (7)]
 15279 | Lair:6   | Mangled by a death yak

Levels and vault maps discovered:
D:1:      minmay_arrival_plants_in_alcoves, layout_rooms
D:2:      layout_rooms
D:3:      layout_loops_ring, marbit_many_paths, first_ration
D:4:      layout_rooms, lemuel_crystal_altar
D:5:      layout_loops_ring, cheibrodos_sewer_entry_bend, minmay_hedge_maze
D:6:      layout_basic, minmay_temple_entry_water_ring, bh_walls_and_bars
D:7:      minmay_the_grid_four_pointed_star
          [minmay_the_grid_triangle_9x9_pentomino_pain,
          minmay_the_grid_triangle_9x9_descending_squares,
          minmay_the_grid_triangle_9x9_corruption,
          minmay_the_grid_triangle_9x9_impossible_snake,
          minmay_the_grid_prize_big_room], layout_loops_ring
D:8:      layout_rooms, amethyst_overflow_temple_binary, serial_shops, shop,
          ebering_ghost_xom, minmay_misc_feat_encased
D:9:      layout_loops_ring, dpeg_oklobed_lair, grunt_ogre_cave,
          xom_teletrap_fun
D:10:     layout_layer_cave, orc_0_dummy, gammafunk_ghost_icy
D:11:     layout_rooms, hive_lemuel
D:12:     layout_cave_pools
D:13:     layout_cross
Lair:1:   layout_long_grid, st_stairs_5, wad_woods_02
Lair:2:   layout_misc_corridors, guppyfry_snake_entry_island
Lair:3:   layout_cave_pods, special_room, portal_ice_cave_demonic_guard,
          infiniplex_staircase_pool
Lair:4:   layout_big_grid, minmay_shoals_entry_lonely_mermaid, uniq_rupert
Lair:5:   layout_loops_ring, nicolae_slime_entry_slimehenge
Lair:6:   evilmike_catoblepas_cave, layout_hall_layers, minivault_23,
          minmay_lair_oklob_chamber

Skill      XL: |  1  2  3  4  5  6  7  8  9 10 11 12 13 14 |
---------------+-------------------------------------------+-----
Axes           | 4 5 6 7 8 9 11 13 15 16 17 | 17.5
Fighting       | 4 6 8 9 11 | 11.1
Throwing       | 2 4 5 7 8 |  8.8
Armour         | 4 5 7 9 10 | 10.8
Dodging        | 3 5 7 8 9 10 | 10.1
Evocations     | 2 3 5 6 8 |  8.2

Action                   |  1- 3 |  4- 6 |  7- 9 | 10-12 | 13-15 || total
-------------------------+-------+-------+-------+-------+-------++-------
Melee: Hand axe          |    82 |   105 |   132 |       |       ||   319
       Headbutt          |    14 |    19 |    48 |   108 |    93 ||   282
       War axe           |       |       |   121 |   486 |   325 ||   932
Throw: Dart              |       |       |       |    10 |       ||    10
       Boomerang         |       |       |       |     5 |    41 ||    46
Invok: Berserk           |     2 |     3 |     9 |    16 |    15 ||    45
       Trog's Hand       |       |       |     3 |     1 |     5 ||     9
       Brothers in Arms  |       |       |       |     2 |     6 ||     8
Evoke: Wand              |       |       |       |       |     7 ||     7
  Use: Scroll            |       |       |       |       |     1 ||     1
  Eat: Chunk             |     3 |     6 |    16 |    49 |    26 ||   100
       Ration            |       |       |     1 |       |     1 ||     2
Armor: Animal skin       |     4 |       |       |       |       ||     4
       Ring mail         |    19 |    11 |    21 |       |       ||    51
       Chain mail        |       |       |    30 |       |       ||    30
       Plate armour      |       |       |    20 |   158 |    99 ||   277
Dodge: Dodged            |    58 |    42 |   129 |   209 |   159 ||   597
